 Dungeon Crawl Stone Soup version 0.30-a0-534-gdc55766716 (webtiles) character file.

Game seed: 946122731010198912

23 Sabo the Covered (level 2, 0/27 HPs)
             Began as an Armataur Fighter on Dec 24, 2022.
             Was a Believer of Elyvilon.
             Succumbed to an adder's poison
             ... on level 2 of the Dungeon.
             The game lasted 00:06:21 (1151 turns).

Sabo the Covered (Armataur Fighter)                 Turns: 1151, Time: 00:06:22

Health: 0/27       AC:  7    Str: 21    XL:     2   Next: 72%
Magic:  2/2        EV:  7    Int:  8    God:    Elyvilon [**....]
Gold:   32         SH:  4    Dex:  9    Spells: 1/1 levels left

rFire   . . .      SeeInvis .    a - +0 war axe
rCold   . . .      Faith    .    c - +0 buckler
rNeg    . . .      Spirit   .    b - +0 scale mail
rPois   .          Reflect  .    (no helmet)
rElec   .          Harm     .    (no cloak)
rCorr   .          Roll     +    (no gloves)
Will    .....                    (no barding) Stlth
                                 (no amulet)
HPRegen 0.24/turn                (no ring)
MPRegen 0.08/turn                (no ring)

@: lethally poisoned (0 -> -2)
A: large, rugged brown scales 3, deformed body, armoured tail, roll, long
tongue, awkward tongue
a: Renounce Religion, Purification, Heal Other


You were on level 2 of the Dungeon.
You worshipped Elyvilon.
Elyvilon was pleased with you.
You visited 1 branch of the dungeon, and saw 2 of its levels.

You collected 32 gold pieces.

Inventory:

Hand Weapons
 a - a +0 war axe (weapon)
Missiles
 i - 4 poisoned darts (quivered)
Armour
 b - a +0 scale mail (worn)
 c - a +0 buckler (worn)
Scrolls
 e - a scroll of poison
 g - a scroll of magic mapping {unknown}
 l - a scroll of identify {unknown}
 m - a scroll of noise {unknown}
Potions
 d - a potion of might
 f - a potion of invisibility {unknown}
 h - a potion of curing {unknown}
 j - a potion of degeneration {unknown}
 k - a potion of cancellation {unknown}


   Skills:
 + Level 3.0 Fighting
 + Level 1.8 Axes
 + Level 4.1 Armour
 + Level 3.5 Shields


You had one spell level left.
You didn't know any spells.
Your spell library contained the following spells:

 Spells                   Type           Power      Damage    Failure   Level
 Static Discharge         Conj/Air       0%         2-2/arc   91%         2
 Vhi's Electric Charge    Tloc/Air       0%         N/A       99%         3
 Arcjolt                  Conj/Air       0%         1d10      100%        5
 Lightning Bolt           Conj/Air       0%         1d11      100%        5


Dungeon Overview and Level Annotations

Branches:
Dungeon (2/15)

Altars:
Elyvilon


Innate Abilities, Weirdness & Mutations

You are completely covered in rugged brown scales. (AC +3, +7% HP)
Armour fits poorly on your strangely shaped body.
You have a long armoured tail.
You roll when moving toward enemies. (Rampage)
Your long tongue fully drains potion bottles. (2x potion effects)
Your tongue gives you trouble enunciating. (1.5x scroll delay)


Message History

You feel sick. The adder bites you.
You are more poisoned.
The adder poisons you! The adder bites you.
You miss the adder.
The adder is moderately wounded.
You feel sick. The adder bites you.
You are more poisoned.
The adder poisons you!
You closely miss the adder.
The adder is moderately wounded.
You feel very sick. The adder bites you but does no damage.
The adder bites you.
You closely miss the adder.
The adder is moderately wounded.
You feel sick. The adder bites you.
* * * LOW HITPOINT WARNING * * *
You are lethally poisoned!
The adder poisons you! The adder bites you but does no damage.
You closely miss the adder.
Your tail-slap misses the adder.
The adder is moderately wounded.
* * * LOW HITPOINT WARNING * * *
You feel very sick. You block the adder's attack.
The adder bites you but does no damage.
You hit the adder but do no damage.
The adder is moderately wounded.
* * * LOW HITPOINT WARNING * * *
You feel very sick.
The adder bites you but does no damage. x2
You closely miss the adder.
The adder is moderately wounded.
* * * LOW HITPOINT WARNING * * *
You feel sick. The adder bites you. Elyvilon protects you from harm!
You barely miss the adder. You tail-slap the adder.
The adder is almost dead.
Elyvilon protects you from harm! The adder barely misses you.
You block the adder's attack.
You miss the adder.
Your tail-slap misses the adder.
The adder is almost dead.
You die...

...#.#(#####...... ..#
.............
..###....#.......
......#....#.....
#.#.#.#.#..#.?.$
#.#.#.#.#..#..#
#.#.#.#.#..#.########
#.#.#.#.#..$.@S$.....
#.#.#.#.#....######.#
####.#................
...........#.#...#####
####.###.#.#.#...# #.#
#.#.#.#...# ### #.#
#...#.....# #<# #.#
#.######..# #.# #.#
#.# #..######.#####


You could see an adder.

Vanquished Creatures
  3 dart slugs (D:1)
  A bat (D:1)
  An endoplasm (D:1)
  4 hobgoblins (D:1)
  2 ball pythons (D:1)
  2 frilled lizards (D:1)
  A kobold (D:1)
  3 rats
17 creatures vanquished.

Notes
Turn   | Place    | Note
-------+----------+-------------------------------------------
     0 | D:1      | Sabo the Armataur Fighter began the quest for the Orb.
     0 | D:1      | Reached XP level 1. HP: 19/19 MP: 1/1
     2 | D:1      | Noticed a meteoran
     2 | D:1      | Noticed an armataur
     4 | D:1      | Noticed a tengu
     4 | D:1      | Noticed a human
     6 | D:1      | Noticed an ogre
     6 | D:1      | Noticed a gargoyle
     8 | D:1      | Noticed a vine stalker
     8 | D:1      | Noticed a minotaur
    10 | D:1      | Noticed a spriggan
    10 | D:1      | Noticed a troll
    12 | D:1      | Noticed a ghoul
    14 | D:1      | Noticed a formicid
    14 | D:1      | Noticed a draconian
    16 | D:1      | Noticed an elf
    18 | D:1      | Noticed a naga
    18 | D:1      | Noticed a demonspawn
    20 | D:1      | Noticed an octopode
    20 | D:1      | Noticed a felid
    22 | D:1      | Noticed a demigod
    22 | D:1      | Noticed a merfolk
    24 | D:1      | Noticed a draconian
    26 | D:1      | Noticed an armataur
   119 | D:1      | Found a faded altar of an unknown god.
   132 | D:1      | Prayed at the altar of an unknown god.
   132 | D:1      | Became a worshipper of Elyvilon the Healer
   132 | D:1      | Reached * piety under Elyvilon
   148 | D:1      | Reached XP level 2. HP: 26/26 MP: 2/2
   389 | D:1      | Reached skill level 4 in Armour
  1122 | D:2      | Reached ** piety under Elyvilon
  1148 | D:2      | HP: 1/27 [poisoned by an adder]
  1149 | D:2      | Elyvilon protects you from harm!
  1150 | D:2      | Elyvilon protects you from harm!
  1151 | D:2      | Succumbed to an adder's poison

Illustrated notes

Levels and vault maps discovered:
D:1:      kb_arrival_jail, layout_basic, ebering_ecumenical_altar_sacrificial,
          minmay_statues_item
D:2:      layout_basic

Skill      XL: |  1  2 |
---------------+-------+-----
Armour         | 4 |  4.1
Fighting       | 3 |  3.0
Axes           | |  1.8
Shields        | |  3.5

Action                   || total
-------------------------++-------
Melee: War axe           ||    35
       Tailslap          ||     3
  Use: Scroll            ||     1
Armor: Scale mail        ||    21
Dodge: Dodged            ||    12
Block: Buckler           ||     6

Table legend: (Time is in decaauts)
 A = Elapsed time spent in this place.
 B = Non-inter-level travel time spent in this place.
 C = Inter-level travel time spent in this place.
 D = Time resting spent in this place.
 E = Time spent auto-exploring this place.
 F = Levels seen in this place.
 G = Mean time per level.
                   A        B        C        D        E       F      G
               +--------+--------+--------+--------+--------+-----+--------+
         Total |   1166 |   1166 |      0 |    202 |      0 |   2 |  583.0 |
       Dungeon |   1166 |   1166 |      0 |    202 |      0 |   2 |  583.0 |
               +--------+--------+--------+--------+--------+-----+--------+

Top non-repeatable levels by time:
     D:1: 1091 daAuts
     D:2: 75 daAuts
